 Dungeon Crawl Stone Soup version 0.26.1-2-gb8aa6d0cf2 (webtiles) character file.

Game seed: 16642588976032545269

181 Gadfly the Shield-Bearer (level 5, 0/33 HPs)
             Began as a Gargoyle Fighter on Feb 9, 2021.
             Slain by a troll (shapeshifter) (4 damage)
             ... on level 3 of the Dungeon.
             The game lasted 00:05:46 (3253 turns).

Gadfly the Shield-Bearer (Gargoyle Fighter)         Turns: 3253, Time: 00:05:47

Health: 0/33       AC: 12    Str: 20    XL:     5   Next: 61%
Magic:  5/5        EV:  7    Int:  9    God:
Gold:   106        SH:  9    Dex:  9    Spells: 4/4 levels left

rFire    . . .     SeeInvis .   a - +0 flail
rCold    . . .     Faith    .   c - +0 kite shield
rNeg     + . .     Spirit   .   j - +0 scale mail
rPois    ∞         Reflect  .   (no helmet)
rElec    +         Harm     .   (no cloak)
rCorr    .         Rampage  .   m - +0 pair of gloves
Will     +....                  (no boots)
Stlth    ..........             (no amulet)
HPRegen  0.11/turn              e - ring of willpower
MPRegen  0.09/turn              (no ring)

@: no status effects
A: negative energy resistance 1, electricity resistance, unbreathing,
petrification resistance, miasma immunity, AC +4
a: no special abilities


You were on level 3 of the Dungeon.
You visited 1 branch of the dungeon, and saw 3 of its levels.

You collected 106 gold pieces.

Inventory:

Hand Weapons
 a - a +0 flail (weapon)
 b - a +0 club of chaos
 g - a +0 dagger of draining
Armour
 c - a +0 kite shield (worn)
 j - a +0 scale mail (worn)
 m - a +0 pair of gloves (worn)
Jewellery
 e - a ring of willpower (left hand)
Potions
 d - a potion of might
 f - a potion of flight {unknown}
 h - a potion of haste {unknown}
 i - 2 potions of curing
 k - a potion of resistance
 l - a potion of lignification {unknown}


   Skills:
 + Level 3.8 Fighting
 * Level 3.4 Maces & Flails
 + Level 3.9 Armour
 + Level 4.0 Shields
 * Level 2.2 Evocations


You had 4 spell levels left.
You didn't know any spells.
Your spell library was empty.

Dungeon Overview and Level Annotations

Branches:
Dungeon (3/15)

Altars:
Fedhas
Xom


Innate Abilities, Weirdness & Mutations

You are resistant to torment.
Your stone body is resilient. (AC +4)
You are immune to poison.
You resist negative energy. (rN+)
You are resistant to electric shocks. (rElec)
You can survive without breathing.
You are immune to petrification.
You are immune to miasma.


Message History

You are too injured to fight recklessly!
You are too injured to fight recklessly!
You are too injured to fight recklessly!
You are too injured to fight recklessly!
Unknown command.
a - a +0 flail (weapon)
You block the troll's attack.
The troll claws you but does no damage. x2
You hit the troll.
The troll is moderately wounded.
The troll bites you. The troll claws you but does no damage.
The troll completely misses you.
You hit the troll.
The troll is moderately wounded.
The troll bites you but does no damage. The troll claws you but does no damage.
The troll claws you!
* * * LOW HITPOINT WARNING * * *
You barely miss the troll.
The troll is moderately wounded.
You block the troll's attack. The troll claws you.
You die... ... ... ... #.# oo'

#{# #T# #@# #.#
#.#####+####
######..........#
#.......####.##.#
#.#####.# ##.##.#
#.###...#.#####.#
#.##............#
#.#####.###...#.#######


You could see a troll shaped shifter (drained) and 2 orcs.

Vanquished Creatures
  A black bear (D:3)
  3 adders
  A worm (D:2)
  2 leopard geckos
  8 orcs
  A giant cockroach (D:3)
  6 goblins
  3 hobgoblins (D:2)
  2 jackals (D:3)
  6 kobolds
  4 quokkas
  2 ball pythons
  8 bats
  A frilled lizard (D:3)
  8 rats
56 creatures vanquished.

Notes
Turn   | Place    | Note
-------+----------+-------------------------------------------
     0 | D:1      | Gadfly the Gargoyle Fighter began the quest for the Orb.
     0 | D:1      | Reached XP level 1. HP: 14/14 MP: 1/1
   335 | D:1      | Reached XP level 2. HP: 17/19 MP: 2/2
   809 | D:1      | Reached skill level 1 in Evocations
   809 | D:1      | Reached XP level 3. HP: 23/23 MP: 3/3
  1601 | D:2      | Reached XP level 4. HP: 28/28 MP: 4/4
  1618 | D:2      | Found a blossoming altar of Fedhas.
  2223 | D:2      | Found a shimmering altar of Xom.
  2993 | D:3      | Noticed a black bear
  3017 | D:3      | HP: 1/28 [black bear (5)]
  3021 | D:3      | Killed a black bear
  3022 | D:3      | Reached skill level 4 in Shields
  3022 | D:3      | Reached XP level 5. HP: 12/33 MP: 5/5
  3231 | D:3      | Noticed a shapeshifter
  3231 | D:3      | an orc changed into a shapeshifter
  3231 | D:3      | Noticed a spriggan
  3231 | D:3      | a shapeshifter changed into a spriggan
  3232 | D:3      | Noticed a soldier ant
  3232 | D:3      | a spriggan changed into a soldier ant
  3240 | D:3      | Noticed a shapeshifter
  3240 | D:3      | a soldier ant changed into a shapeshifter
  3240 | D:3      | Noticed a troll
  3240 | D:3      | a shapeshifter changed into a troll
  3253 | D:3      | Slain by a troll (shapeshifter)

Illustrated notes

Levels and vault maps discovered:
D:1:      matt_arrival_refuge, layout_basic
D:2:      layout_rooms, fedhas_altar_2, tgw_xom, grunt_ministairs_11
D:3:      layout_loops_corners

Skill      XL: |  1  2  3  4 |
---------------+-------------+-----
Evocations     | 1 2 |  2.2
Maces & Flails | 3 |  3.4
Shields        | 4 |  4.0
Fighting       | |  3.8
Armour         | |  3.9

Action                   |  1- 3 |  4- 6 || total
-------------------------+-------+-------++-------
Melee: Flail             |   118 |    34 ||   152
       Dagger            |    37 |       ||    37
       Club              |       |    89 ||    89
  Use: Scroll            |     4 |       ||     4
       Potion            |       |     1 ||     1
 Stab: Invisible         |       |     1 ||     1
       Petrified         |       |     1 ||     1
       Paralysed         |       |     1 ||     1
Armor: Scale mail        |   106 |    87 ||   193
Dodge: Dodged            |    60 |    44 ||   104
Block: Kite shield       |    78 |    73 ||   151
